 Dungeon Crawl Stone Soup version 0.31.0-4-g52a2dc7128 (webtiles) character file.

Game seed: 15035577256432779934

1380 James the Cudgeller (level 8, 0/37 HPs)
             Began as a Vine Stalker Necromancer on Jan 21, 2024.
             Was a Believer of Sif Muna.
             Slain by an orc warrior
             ... wielding a +0 dire flail
              (16 damage)
             ... on level 6 of the Dungeon.
             The game lasted 00:18:19 (5559 turns).

James the Cudgeller (Vine Stalker Necromancer)      Turns: 5559, Time: 00:18:19

Health: 0/37       AC:  8    Str: 12    XL:     8   Next: 66%
Magic:  0/15       EV: 12    Int: 17    God:    Sif Muna [**....]
Gold:   344        SH:  0    Dex: 14    Spells: 7/15 levels left

rFire   . . .        b - +1 demon whip (freeze)
rCold   . . .        (no shield)
rNeg    . . .        g - +0 robe
rPois   +            l - +1 helmet
rElec   .            G - +0 cloak {rPois}
rCorr   .            O - +0 pair of gloves
SInv    .            I - +1 pair of boots
Will    +....        (no amulet)
Stlth   ++           (no ring)
HPRegen 1.06/turn    (no ring)
MPRegen 0.14/turn

%: guardian spirit
@: very slightly contaminated
A: fangs 3, regeneration 1, magic shield, antimagic bite, no potion heal 2
a: Renounce Religion, Channel Magic


You were on level 6 of the Dungeon.
You worshipped Sif Muna.
Sif Muna was pleased with you.
You visited 2 branches of the dungeon, and saw 7 of its levels.
You also visited: Sewer.

You collected 344 gold pieces.

Inventory:

Hand Weapons
 a - a +3 dagger
   (You took it off a kobold brigand in a sewer)
 b - a +1 demon whip of freezing (weapon)
   (You found it on level 4 of the Dungeon)
 m - a +0 falchion
   (You found it on level 3 of the Dungeon)
 p - a +0 spear
   (You found it on level 1 of the Dungeon)
 y - a +0 dagger
   (You took it off a goblin on level 2 of the Dungeon)
 z - a +1 short sword
   (You took it off a kobold on level 1 of the Dungeon)
 B - a +3 war axe
   (You found it on level 4 of the Dungeon)
 D - a +0 dagger of freezing
   (You took it off a kobold brigand in a sewer)
 E - a +1 dagger of holy wrath
   (You took it off a kobold on level 4 of the Dungeon)
Missiles
 h - 10 stones
 o - 39 poisoned darts
Armour
 d - a +0 robe
   (You found it on level 1 of the Dungeon)
 g - a +0 robe (worn)
 i - a +0 ring mail
   (You found it on level 3 of the Dungeon)
 j - a +0 scale mail
   (You found it on level 3 of the Dungeon)
 k - a +0 robe
   (You found it on level 1 of the Dungeon)
 l - a +1 helmet (worn)
   (You found it on level 1 of the Dungeon)
 q - an orb of wrath
   (You found it on level 2 of the Dungeon)
 s - a +0 ring mail
   (You found it on level 2 of the Dungeon)
 t - a +0 chain mail
   (You found it on level 2 of the Dungeon)
 u - a +0 ring mail
   (You found it on level 2 of the Dungeon)
 v - a +0 robe
   (You found it on level 2 of the Dungeon)
 F - a +0 cloak
   (You found it on level 4 of the Dungeon)
 G - a +0 cloak of poison resistance (worn)
   (You found it on level 4 of the Dungeon)
 H - a +0 ring mail
   (You took it off an orc on level 4 of the Dungeon)
 I - a +1 pair of boots (worn)
   (You found it on level 5 of the Dungeon)
 M - a +0 scale mail
   (You took it off an orc on level 5 of the Dungeon)
 N - a +0 robe
   (You took it off an orc wizard on level 5 of the Dungeon)
 O - a +0 pair of gloves (worn)
   (You found it on level 5 of the Dungeon)
 Q - a +0 scale mail
   (You found it on level 5 of the Dungeon)
 R - a +0 leather armour
   (You found it on level 5 of the Dungeon)
 S - a +0 plate armour
   (You found it on level 6 of the Dungeon)
 T - a +0 leather armour
   (You took it off an orc on level 6 of the Dungeon)
 U - a +0 leather armour
   (You took it off an orc on level 6 of the Dungeon)
Scrolls
 e - a scroll of amnesia
 f - 2 scrolls of summoning
 J - a scroll of enchant armour {unknown}
 K - 2 scrolls of teleportation {@r4}
 P - a scroll of silence {unknown}
Potions
 c - a potion of magic
 n - 2 potions of enlightenment
 r - a potion of haste {unknown}
 w - 5 potions of curing {@q1}
 x - a potion of lignification {!q}
 A - a potion of brilliance
 C - 2 potions of degeneration {unknown}
 L - a potion of resistance


   Skills:
 - Level 1.0 Fighting
 + Level 7.4 Maces & Flails
 - Level 4.0 Polearms
 - Level 2.0 Dodging
 - Level 3.0 Stealth
 - Level 4.0 Spellcasting
 - Level 4.0 Necromancy


You had 7 spell levels left.
You knew the following spells:

 Your Spells              Type           Power      Damage    Failure   Level
a - Necrotise             Necr           68%        1d7       3%          1
q - Vampiric Draining     Necr           17%        2d7       9%          3
u - Animate Dead          Necr           17%        N/A       30%         4

Your spell library contained the following spells:

 Spells                   Type           Power      Damage    Failure   Level
 Curse of Agony           Necr           17%        N/A       63%         5


Dungeon Overview and Level Annotations

Branches:
Dungeon (6/15)             Temple (1/1) D:4           Sewer (visited)

Altars:
Ashenzari
Cheibriados
Dithmenos
Elyvilon
Fedhas
Gozag
Kikubaaqudgha
Makhleb
Nemelex Xobeh
Okawaru
Qazlal
Ru
Sif Muna
Trog
Uskayaw
Vehumet
Wu Jian
Xom
Yredelemnul
Zin
The Shining One

Shops:
D:6 =(


Innate Abilities, Weirdness & Mutations

You have razor-sharp teeth.
Your natural rate of healing is unusually fast.
When hurt, damage is shared between your health and your magic reserves.
Your bite disrupts and absorbs the magic of your enemies.
Potions cannot restore your health.


Message History

Things that are here:
a +0 mace; an orc corpse An orc wizard is nearby!
An orc warrior comes into view. It is wielding a +0 dire flail.
There is an open door here.
Things that are here:
a +0 mace; an orc corpse The orc wizard shouts!
The orc warrior shouts!
The orc shouts!
You closely miss the orc wizard. The orc wizard closely misses you.
You hit the orc wizard. You freeze the orc wizard.
You hit the orc warrior but do no damage.
You hit the orc warrior. You freeze the orc warrior.
You hit the orc warrior but do no damage.
The orc warrior hits you with a +0 dire flail!
The orc wizard mumbles some strange words.
The orc wizard flickers and vanishes!
Deactivating autopickup; reactivate with Ctrl-A.
Press: ? - help, Shift-Dir - straight line, f - orc warrior
Aim: an orc warrior, wielding a +0 dire flail and wearing a +0 plate armour (moderately wounded)
You miscast Vampiric Draining.
You are very lightly contaminated with residual magic.
Nothing appears to happen.
You hit the orc warrior but do no damage.
You hit the orc warrior but do no damage.
You bite the orc warrior, but do no damage.
The orc warrior barely misses you.
You barely miss the orc warrior.
The orc warrior hits you with a +0 dire flail!
You hit the orc warrior but do no damage.
You bite the orc warrior. You drain its power.
You feel invigorated. Something hits you. The orc warrior barely misses you.
Press: ? - help, Shift-Dir - straight line, f/p - orc warrior
Aim: an orc warrior, wielding a +0 dire flail and wearing a +0 plate armour (moderately wounded)
You draw life force from the orc warrior.
You feel life coursing into your body. Something hits you.
The orc warrior hits you but does no damage.
Press: ? - help, Shift-Dir - straight line, f/p - orc warrior
Aim: an orc warrior, wielding a +0 dire flail and wearing a +0 plate armour (heavily wounded)
You miscast Vampiric Draining.
Nothing appears to happen.
Something hits you.
The orc warrior hits you with a +0 dire flail!
* * * LOW HITPOINT WARNING * * *
You hit the orc warrior but do no damage.
You hit the orc warrior but do no damage.
Something hits you but does no damage.
The orc warrior hits you with a +0 dire flail!
You die...

. .. ...#### .......
.......####
......o{o.# .....
.......#@.#######.....
.o######........'.....
###'##.....#.....
#..........#.....
#................
#.............#
#......)))....#
#.....#########
#.....# #########


You could see an orc warrior and an orc.

Vanquished Creatures
  A black bear (D:4)
  3 ogres
  A phantom (D:5)
  5 kobold brigands (Sewer)
  A scorpion (D:5)
  3 bombardier beetles
  A hound (D:6)
  5 iguanas
  2 sleepcaps
  An orc wizard (D:5)
  6 adders
  5 river rats
  A white imp (D:5)
  3 dart slugs
  9 ribbon worms
  10 orcs
  8 ball pythons
  3 bats
  9 endoplasms
  A giant cockroach (D:2)
  A hobgoblin (D:1)
  4 jackals (D:3)
  10 kobolds
  3 quokkas
  2 frilled lizards
  5 goblins
  14 rats
117 creatures vanquished.

Vanquished Creatures (collateral kills)
  An endoplasm (D:2)
1 creature vanquished.

Grand Total: 118 creatures vanquished

Notes
Turn   | Place    | Note
-------+----------+-------------------------------------------
     0 | D:1      | James the Vine Stalker Necromancer began the quest for the
                  | Orb.
     0 | D:1      | Reached XP level 1. HP: 9/9 MP: 4/4
    74 | D:1      | Reached skill level 1 in Fighting
   206 | D:1      | Reached XP level 2. HP: 14/14 MP: 4/6
   767 | D:2      | Reached XP level 3. HP: 18/18 MP: 2/8
   850 | D:2      | Learned a level 3 spell: Vampiric Draining
  1088 | D:2      | Found a shimmering blue altar of Sif Muna.
  1321 | D:2      | Became a worshipper of Sif Muna the Loreminder
  1805 | D:3      | Reached XP level 4. HP: 22/22 MP: 8/10
  2182 | D:3      | Learned a level 4 spell: Animate Dead
  2705 | D:4      | Found a staircase to the Ecumenical Temple.
  2713 | Temple   | Entered the Ecumenical Temple
  2724 | D:4      | Reached skill level 1 in Polearms
  2724 | D:4      | Reached XP level 5. HP: 25/25 MP: 12/12
  3110 | D:4      | Noticed an ogre
  3171 | D:4      | Noticed a black bear
  3176 | D:4      | Killed a black bear
  3177 | D:4      | Reached XP level 6. HP: 30/30 MP: 7/13
  3260 | D:5      | Entered Level 5 of the Dungeon
  3263 | D:5      | Found a blossoming altar of Fedhas.
  3308 | D:5      | Reached * piety under Sif Muna
  3407 | D:5      | Found a glowing drain.
  3419 | Sewer    | Entered a sewer
  3540 | Sewer    | Reached skill level 2 in Maces & Flails
  3705 | Sewer    | Reached skill level 3 in Maces & Flails
  3705 | Sewer    | Reached XP level 7. HP: 32/33 MP: 10/14
  3820 | Sewer    | Reached ** piety under Sif Muna
  3977 | Sewer    | Reached skill level 4 in Maces & Flails
  4253 | D:5      | Reached skill level 5 in Maces & Flails
  4253 | D:5      | Gained mutation: You have razor-sharp teeth. [Vine Stalker
                  | growth]
  4253 | D:5      | Reached XP level 8. HP: 34/37 MP: 13/15
  4406 | D:5      | Reached skill level 6 in Maces & Flails
  4775 | D:5      | Found an iron altar of Okawaru.
  4775 | D:5      | Found a stormy altar of Qazlal.
  4775 | D:5      | Found a shadowy altar of Dithmenos.
  4775 | D:5      | Found a shimmering altar of Xom.
  4780 | D:5      | Found a snail-covered altar of Cheibriados.
  5033 | D:4      | Reached skill level 7 in Maces & Flails
  5134 | D:6      | Found Sacufe's Antique Weapon Shop.
  5262 | D:6      | Found Ynad's Jewellery Shoppe.
  5559 | D:6      | Slain by an orc warrior

Illustrated notes

Levels and vault maps discovered:
D:1:      heliophobic_arrival_enchanted_forest, layout_rooms
D:2:      minmay_inner_zag, layout_rooms, basic_altar
D:3:      layout_basic
D:4:      layout_loops_ring, minmay_temple_entry_arrows,
          nicolae_underground_beach
D:5:      layout_basic, minitemple, portal_sewer_entry_e,
          kennysheep_generic_room_14
D:6:      layout_basic, lemuel_crystal_altar, serial_shops,
          nicolae_shop_hallway_stairs, shop, kennysheep_boxes
Temple:   nicolae_temple_superstar

Skill      XL: |  1  2  3  4  5  6  7  8 |
---------------+-------------------------+-----
Fighting       | 1 |  1.0
Stealth        | 3 |  3.0
Spellcasting   | 3 4 |  4.0
Dodging        | 2 |  2.0
Polearms       | 1 3 4 |  4.0
Maces & Flails | 3 5 7 |  7.4
Necromancy     | |  4.0

Action                     |  1- 3 |  4- 6 |  7- 9 || total
---------------------------+-------+-------+-------++-------
  Melee: Unarmed           |     6 |       |       ||     6
         Short sword       |    71 |    27 |       ||    98
         Bite              |    20 |    29 |    54 ||   103
         Spear             |     4 |       |       ||     4
         Punch             |     2 |     3 |     2 ||     7
         Demon whip        |       |   120 |   200 ||   320
   Cast: Necrotise         |    17 |     3 |     4 ||    24
         Vampiric Draining |       |     1 |     1 ||     2
    Use: Scroll            |    10 |     2 |     1 ||    13
   Stab: Sleeping          |     5 |     7 |     3 ||    15
 Armour: Robe              |    29 |    73 |    86 ||   188
  Dodge: Dodged            |    50 |    83 |    68 ||   201
